 Dungeon Crawl Stone Soup version 0.31-a0-1447-g87ca8d402b (webtiles) character file.

Game seed: 9597169757313983237

64792 Aldia the Thaumaturge (level 15, -5/103 HPs)
             Began as an Octopode Alchemist on Dec 27, 2023.
             Was an Initiate of Gozag.
             Killed from afar by a lindwurm (38 damage)
             ... with a blast of flame
             ... on level 5 of the Lair of Beasts.
             The game lasted 01:21:05 (27652 turns).

Aldia the Thaumaturge (Octopode Alchemist)         Turns: 27652, Time: 01:21:06

Health: -5/103     AC: 12    Str: 14    XL:     15   Next: 14%
Magic:  2/40       EV: 22    Int: 30    God:    Gozag
Gold:   3843       SH:  5    Dex: 12    Spells: 5/37 levels left

rFire   . . .        c - staff of alchemy
rCold   . . .        s - +0 buckler
rNeg    . . .        a - +3 hat of Pondering {ponderous, Will+ MP+10 Int+5}
rPois   +            (no amulet)
rElec   .            g - ring of wizardry
rCorr   .            m - +4 ring of protection
SInv    .            t - +6 ring of strength
Will    ++...        v - ring of flight
Stlth   +++          e - +4 ring of protection
HPRegen 0.37/turn    L - +5 ring of evasion
MPRegen 0.27/turn    (no ring)
                     (no ring)

%: wizardry (x1)
@: spiked, gold aura, flying, slow
A: almost no armour, amphibious, 8 rings, camouflage 1, gelatinous body 1,
(nimble swimmer 1), tentacles
a: Renounce Religion, Potion Petition, Call Merchant, Bribe Branch


You were on level 5 of the Lair of Beasts.
You worshipped Gozag.
Gozag was most pleased with you.
You visited 4 branches of the dungeon, and saw 20 of its levels.
You visited 1 bazaar.
You also visited: Gauntlet.

You collected 5738 gold pieces.
You spent 1824 gold pieces at shops.
You paid 71 gold pieces to Gozag.

Inventory:

Missiles
 M - 2 throwing nets
Armour
 a - the +3 hat of Pondering (worn) {ponderous, Will+ MP+10 Int+5}
   (You took it off Gastronok on level 10 of the Dungeon)

   Int+5:     It affects your intelligence (+5).
   Will+:     It increases your willpower.
   MP+10:     It affects your magic capacity (+10).
 q - a +1 kite shield
 s - a +0 buckler (worn)
 B - a +1 hat of intelligence
Magical Staves
 c - a staff of alchemy (weapon)
Jewellery
 e - a +4 ring of protection (on tentacle)
 g - a ring of wizardry (left tentacle)
 i - an amulet of guardian spirit
 m - a +4 ring of protection (right tentacle)
 t - a +6 ring of strength (on tentacle)
 u - a ring of ice
 v - a ring of flight (on tentacle)
 L - a +5 ring of evasion (on tentacle)
Talismans
 p - a storm talisman
Wands
 I - a wand of paralysis (8)
 N - a wand of iceblast (17)
 O - a wand of polymorph (1)
Scrolls
 f - 3 scrolls of teleportation
 h - 4 scrolls of immolation
 j - a scroll of torment
 k - 3 scrolls of noise
 o - a scroll of fear
 r - a scroll of fog
 w - 3 scrolls of poison
 x - 2 scrolls of blinking
 y - a scroll of butterflies
 C - 2 scrolls of vulnerability
 E - 2 scrolls of enchant weapon
 K - 2 scrolls of identify
Potions
 b - 7 potions of curing
 d - a potion of heal wounds
 l - 4 potions of brilliance
 n - a potion of enlightenment
 z - a potion of lignification
 A - 4 potions of mutation
 D - 2 potions of might
 F - 2 potions of haste
 G - a potion of resistance
 H - a potion of berserk rage
Miscellaneous
 J - a lightning rod (4/4)


   Skills:
 - Level 10.0 Fighting
 + Level 10.9 Dodging
 - Level 3.0 Stealth
 + Level 6.7 Shields
 + Level 11.6 Spellcasting
 * Level 11.2 Conjurations
 - Level 6.0 Fire Magic
 - Level 2.0 Air Magic
 - Level 10.1 Earth Magic
 - Level 8.0 Alchemy


You had 5 spell levels left.
You knew the following spells:

 Your Spells              Type           Power      Damage    Failure   Level
a - Sting                 Conj/Alch      100%       1d9       1%          1
b - Bombard               Conj/Erth      34%        9d6       3%          6
c - Mephitic Cloud        Conj/Alch/Air  74%        N/A       1%          3
d - Olgreb's Toxic Radia  Alch           78%        N/A       1%          4
e - Sticky Flame          Fire/Alch      73%        2d12      1%          4
f - Fireball              Conj/Fire      31%        3d13      1%          5
g - Ignite Poison         Fire/Alch      73%        N/A       1%          4
h - Lee's Rapid Deconstr  Erth           33%        3d17*     1%          5

Your spell library contained the following spells:

 Spells                   Type           Power      Damage    Failure   Level
 Freeze                   Ice            68%        1d8       1%          1
 Mercury Vapours          Alch/Air       100%       N/A       1%          2
 Static Discharge         Conj/Air       100%       3-8/arc   1%          2
 Hailstorm                Conj/Ice       50%        3d10      1%          3
 Brom's Barrelling Bould  Conj/Erth      69%        2d8       1%          4
 Leda's Liquefaction      Alch/Erth      41%        N/A       1%          4
 Iskenderun's Battlesphe  Conj           71%        2d12      1%          5
 Ensorcelled Hibernation  Hex/Ice        34%        N/A       2%          2
 Arcjolt                  Conj/Air       27%        1d37      2%          5
 Frozen Ramparts          Ice            34%        1d6       4%          3
 Fugue of the Fallen      Necr           17%        N/A       4%          3
 Summon Ice Beast         Ice/Summ       17%        N/A       4%          3
 Airstrike                Air            14%        2d(3-19)  7%          4
 Summon Lightning Spire   Summ/Air       23%        N/A       11%         4
 Vhi's Electric Charge    Tloc/Air       46%        N/A       11%         4
 Anguish                  Hex/Necr       8%         N/A       16%         4
 Cause Fear               Hex            8%         N/A       16%         4
 Passage of Golubria      Tloc           17%        N/A       16%         4
 Silence                  Hex/Air        11%        N/A       26%         5
 Summon Mana Viper        Hex/Summ       17%        N/A       38%         5
 Orb of Destruction       Conj           35%        9d10      13%         7
 Conjure Ball Lightning   Conj/Air       27%        3x3d8     16%         6
 Plasma Beam              Fire/Air       20%        2x1d32    41%         6
 Lehudib's Crystal Spear  Conj/Erth      34%        10d9      75%         8
 Malign Gateway           Summ/Tloc      8%         N/A       100%        7
 Monstrous Menagerie      Summ           8%         N/A       100%        7
 Ignition                 Fire           26%        3d9       100%        8
 Summon Horrible Things   Summ           8%         N/A       100%        8
 Dragon's Call            Summ           8%         N/A       100%        9
 Sculpt Simulacrum        Ice/Alch       Unusable   N/A       N/A         6

Dungeon Overview and Level Annotations

Branches:
Dungeon (12/15)            Temple (1/1) D:5            Lair (5/5) D:11
 Shoals (0/4) Lair:2        Snake (0/4) Lair:2          Orc (2/2) D:12
    Elf (0/3) Orc:2       Gauntlet (visited)
  Slime: Lair:4-5

Altars:
Ashenzari
Cheibriados
Dithmenos
Elyvilon
Fedhas
Gozag
Hepliaklqana
Kikubaaqudgha
Makhleb
Nemelex Xobeh
Okawaru
Qazlal
Ru
Sif Muna
Trog
Uskayaw
Vehumet
Wu Jian
Xom
Yredelemnul
Zin
The Shining One

Shops:
D:7 [*[*   D:11 *   Orc:1 !   Orc:2 =*[(

Portals:
Trove: D:10 (give 6 scrolls of fear)

Annotations:
D:5 1 runed translucent door, Crazy Yiuf
D:6 2 transporters, SecretSquirrel's ghost, novice DsHu
D:8 exclusion: 2 doors
D:12 3 runed translucent doors, greenreed's ghost, journeyman TrSh
Lair:4 2 transporters, exclusion: oklob plant, Peulonen's ghost, journeyman TeDe


Innate Abilities, Weirdness & Mutations

You cannot wear most types of armour.
You are amphibious.
You can wear up to eight rings at the same time.
Your skin changes colour to match your surroundings (Stealth+).
Your rubbery body absorbs attacks. (AC +1, EV +1)
((You are camouflaged when in or above water. (Stealth+)))
You have tentacles for arms and can constrict up to eight enemies at once.


Message History

Press: ? - help, Dir - move target, p - komodo dragon A manticore and 3 yaks come into view.
As you read the scroll of blinking, it crumbles to dust.
As you read the scroll of teleportation, it crumbles to dust.
You feel strangely unstable.
You feel much better.
The manticore flicks its tail.
The volley of spikes skewers you.
The barbed spikes become lodged in your body.
You hear a bellow!
Your surroundings suddenly seem different. 3 yaks, a lindwurm and a wolf come into view.
Found a scroll of torment and 14 gold pieces.
A wolf comes into view.
The wolf is distracted by your dazzling golden aura.
Unknown command.
Unknown command.
Unknown command.
The wolf is no longer distracted by gold.
The wolf is distracted by your dazzling golden aura.
A wolf comes into view.
An elephant comes into view.
Casting: Bombard (dangerous; 3% risk of failure)
Confirm with . or Enter, or press ? or * to list all spells.
You don't have enough magic to cast this spell.
Okay, then.
Okay, then.
As you read the scroll of fear, it crumbles to dust.
You assume a fearsome visage.
The elephant looks frightened!
The elephant trumpets!
The yak bellows!
The yak easily resists.
The yak looks frightened!
The yak bellows!
The yak looks frightened!
The lindwurm roars!
The lindwurm resists with some effort.
The wolf looks frightened! x3
The wolf howls!
You hear a trumpeting!
The yak is distracted by your dazzling golden aura.
The lindwurm breathes flames at you. The blast of flame hits you!!!
You die...
Your body crumbles into a pile of gold.

......## .......#
####.#...hY..# .......#
##P..#.........
.......................
...P##................
...## #.##..........#
#.## .#...........##
#.P ###...........#
#.P# .?.....@....# ..#
P.........###
.....$..Y.# P.........#
# .P......... ..
..k...YY..## ..#
........... ....
.........P.# ...#


You could see an elephant (fleeing), a lindwurm (catching breath), 3 yaks and a
wolf (fleeing).

Vanquished Creatures
  Gastronok (D:10)
  Kirke (Lair:3)
  An orc warlord (Orc:2)
  Nessos (Lair:3)
  A minotaur (Gauntlet)
  Snorg (D:11)
  2 hydras
  A catoblepas (Lair:1)
  A boulder beetle (D:12)
  6 death yaks
  5 two-headed ogres
  4 orc high priests
  Amaemon (D:9)
  Sonja (Lair:5)
  Pikel (D:7)
  A deep elf pyromancer (D:8)
  3 orc knights
  4 cyclopes
  2 ugly things (D:11)
  4 orc sorcerers
  5 kobold blastminers
  4 centaur zombies (D:10)
  3 black mambas
  An orange demon (D:9)
  An ice statue (D:12)
  19 elephants
  A gargoyle (D:10)
  14 cane toads
  Maggie (D:8)
  3 rime drakes
  An unseen horror zombie (D:10)
  3 unseen horrors
  3 komodo dragons
  5 trolls
  4 polar bears
  A hornet (D:7)
  A raiju (Gauntlet)
  2 centaur simulacra (D:11)
  A spriggan (shapeshifter) (D:10)
  4 wraiths
  A shadow (D:10)
  A water elemental (D:11)
  4 wyverns
  2 basilisks
  3 steam dragons
  57 yaks
  Eustachio (D:6)
  A warg (Orc:1)
  10 water moccasins
  Duvessa (D:6)
  29 orc warriors
  A black bear (D:7)
  16 wolves
  3 ogres
  5 centaurs
  4 phantoms
  11 bullfrogs
  2 scorpions (D:5)
  9 wights
  Dowan (D:6)
  37 killer bees
  A howler monkey (D:8)
  An electric eel (Lair:2)
  14 orc priests
  A bombardier beetle (D:5)
  4 hounds
  3 jellies
  A gnoll bouda (D:7)
  2 iguanas
  3 sleepcaps
  13 orc wizards
  Robin (D:3)
  15 gnolls
  4 adders
  4 white imps
  An ufetubus (D:11)
  2 worms (D:3)
  5 dart slugs
  86 orcs
  6 bats
  9 endoplasms (D:1)
  5 giant cockroaches
  18 goblins
  6 hobgoblins
  3 jackals (D:1)
  6 quokkas
  14 ball pythons
  6 frilled lizards
  9 kobolds
  5 rats
566 creatures vanquished.

Vanquished Creatures (others)
  5 humans (Lair:3)
  A water moccasin (Lair:3)
  4 boulders
10 creatures vanquished.

Grand Total: 576 creatures vanquished

Notes
Turn   | Place    | Note
-------+----------+-------------------------------------------
     0 | D:1      | Aldia the Octopode Alchemist began the quest for the Orb.
     0 | D:1      | Reached XP level 1. HP: 11/11 MP: 3/3
     2 | D:1      | Noticed a merfolk
     2 | D:1      | Noticed a human
     4 | D:1      | Noticed an octopode
     6 | D:1      | Noticed a tengu
     6 | D:1      | Noticed a gargoyle
     9 | D:1      | Noticed a troll
     9 | D:1      | Noticed a draconian
    11 | D:1      | Noticed a vampire
    13 | D:1      | Noticed a ghoul
    13 | D:1      | Noticed an elf
    15 | D:1      | Noticed a spriggan
    15 | D:1      | Noticed a naga
    17 | D:1      | Noticed an ogre
    19 | D:1      | Noticed a demigod
    19 | D:1      | Noticed a vine stalker
    21 | D:1      | Noticed a demonspawn
    23 | D:1      | Noticed an armataur
    23 | D:1      | Noticed a felid
    25 | D:1      | Noticed a gargoyle
    25 | D:1      | Noticed a minotaur
    27 | D:1      | Noticed a naga
    27 | D:1      | Noticed a vine stalker
   217 | D:1      | Reached XP level 2. HP: 18/18 MP: 0/5
   287 | D:1      | Learned a level 2 spell: Mercury Vapours
   596 | D:1      | Reached skill level 1 in Fighting
   689 | D:1      | Reached XP level 3. HP: 22/23 MP: 2/6
   808 | D:1      | Found a faded altar of an unknown god.
   884 | D:1      | Learned a level 3 spell: Mephitic Cloud
  1333 | D:2      | Reached skill level 1 in Air Magic
  1353 | D:2      | Reached XP level 4. HP: 28/28 MP: 7/7
  2291 | D:3      | Noticed Robin
  2300 | D:3      | Killed Robin
  2536 | D:3      | Found a glowing silver altar of Zin.
  2643 | D:3      | Reached XP level 5. HP: 30/33 MP: 9/9
  3458 | D:3      | Learned a level 4 spell: Olgreb's Toxic Radiance
  3580 | D:4      | Reached XP level 6. HP: 39/39 MP: 5/10
  3660 | D:4      | Reached skill level 5 in Alchemy
  3897 | D:4      | Reached skill level 1 in Shields
  4561 | D:5      | Entered Level 5 of the Dungeon
  4569 | D:5      | Reached XP level 7. HP: 36/45 MP: 12/12
  4971 | D:5      | Found a staircase to the Ecumenical Temple.
  5048 | D:5      | Found a hide-covered altar of Uskayaw.
  5051 | D:5      | Found a broken altar of Ashenzari.
  5117 | Temple   | Entered the Ecumenical Temple
  5129 | Temple   | Became a worshipper of Gozag Ym Sagoz the Greedy
  5451 | D:5      | Found a radiant altar of Vehumet.
  5451 | D:5      | Found a blossoming altar of Fedhas.
  5522 | D:5      | Found a runed translucent door.
  5523 | D:5      | Noticed Crazy Yiuf
  5590 | D:6      | Identified the +2 scale mail of Subjectivity {rC++ Regen+}
  5644 | D:5      | Reached XP level 8. HP: 10/52 MP: 7/14
  6215 | D:6      | Noticed Eustachio
  6229 | D:6      | Killed Eustachio
  6341 | D:6      | Noticed SecretSquirrel's ghost (novice DsHu)
  6342 | D:6      | Found a transporter.
  6346 | D:6      | Identified the +4 giant spiked club of Pyteba {flame, rC+
                  | Int-4 Dex+3}
  6346 | D:6      | Identified the +6 dire flail of Ranenaur {venom, rN+ Str+3
                  | Int+3}
  6346 | D:6      | Noticed a two-headed ogre
  6347 | D:6      | Found a transporter.
  6835 | D:6      | Learned a level 4 spell: Sticky Flame
  6890 | D:6      | Reached skill level 5 in Spellcasting
  7000 | D:6      | Reached skill level 1 in Fire Magic
  7005 | D:6      | Reached XP level 9. HP: 55/59 MP: 9/16
  7145 | D:6      | Noticed Dowan
  7154 | D:6      | Noticed Duvessa
  7162 | D:6      | Killed Duvessa
  7164 | D:6      | Killed Dowan
  7502 | D:7      | Noticed Pikel
  7557 | D:7      | Reached skill level 5 in Fighting
  7638 | D:7      | Found Dulic's General Store.
  7673 | D:7      | Found Oteimpod's Antique Armour Shop.
  7692 | D:7      | Killed Pikel
  8014 | D:7      | Found Emnabedgh's Armour Shop.
  8066 | D:7      | Found Maileuw's General Store.
  8069 | D:7      | Bought a potion of lignification for 30 gold pieces
  8234 | D:7      | Learned a level 5 spell: Fireball
  8239 | D:7      | Noticed a hornet
  8244 | D:7      | Killed a hornet
  8843 | D:8      | Reached XP level 10. HP: 39/68 MP: 14/19
  9328 | D:8      | Reached skill level 5 in Dodging
  9453 | D:8      | Noticed Maggie
  9464 | D:8      | Killed Maggie
 10052 | D:8      | Noticed a manticore
 10133 | D:7      | Bought a scroll of acquirement for 624 gold pieces
 10226 | D:8      | Acquired a +1 hat of intelligence
 10497 | D:8      | Noticed a deep elf pyromancer
 10498 | D:8      | Noticed a two-headed ogre
 10516 | D:8      | Killed a deep elf pyromancer
 10519 | D:8      | Killed a two-headed ogre
 10520 | D:8      | Reached skill level 5 in Conjurations
 10722 | D:8      | Noticed a cyclops
 10731 | D:8      | Killed a cyclops
 11026 | D:9      | Reached skill level 5 in Fire Magic
 11045 | D:9      | Reached XP level 11. HP: 47/74 MP: 5/21
 11196 | D:9      | Noticed a two-headed ogre
 11354 | D:9      | Learned a level 4 spell: Brom's Barrelling Boulder
 11601 | D:9      | Killed a two-headed ogre
 11602 | D:9      | Reached skill level 1 in Earth Magic
 12331 | D:9      | Noticed Amaemon
 12347 | D:9      | Killed Amaemon
 12528 | D:10     | Entered Level 10 of the Dungeon
 12708 | D:10     | Noticed Gastronok
 12945 | D:10     | Killed Gastronok
 14146 | D:10     | Found a portal to a secret trove of treasure.
 14396 | D:11     | Reached XP level 12. HP: 74/81 MP: 8/24
 14623 | D:11     | Found a staircase to the Lair.
 14717 | D:11     | Noticed Snorg
 14725 | D:11     | Killed Snorg
 14726 | D:11     | Reached skill level 5 in Earth Magic
 14742 | D:11     | Learned a level 5 spell: Lee's Rapid Deconstruction
 14901 | D:11     | Noticed a two-headed ogre
 14904 | D:11     | Noticed a death yak
 14918 | D:11     | Killed a death yak
 14983 | D:11     | Killed a two-headed ogre
 15340 | D:11     | Found Laqiukk's Assorted Antiques.
 15436 | D:11     | HP: 4/82 [white ugly thing (29)]
 15785 | D:12     | Noticed a boulder beetle
 15792 | D:12     | Killed a boulder beetle
 15905 | D:12     | Found a gate leading to a gauntlet.
 15912 | Gauntlet | Entered a Gauntlet
 15912 | Gauntlet | Found a transporter.
 15924 | Gauntlet | Found a transporter.
 15927 | Gauntlet | Found a transporter.
 15928 | Gauntlet | Found a transporter.
 15933 | Gauntlet | Noticed a soul eater
 15936 | Gauntlet | Found a transporter.
 15939 | Gauntlet | Found a transporter.
 15940 | Gauntlet | Found a transporter.
 15951 | Gauntlet | Found a transporter.
 15952 | Gauntlet | Found a transporter.
 15953 | Gauntlet | Found a transporter.
 15956 | Gauntlet | Noticed a hell beast
 15965 | Gauntlet | Found a transporter.
 15965 | Gauntlet | Found a transporter.
 15966 | Gauntlet | Found a transporter.
 15968 | Gauntlet | Noticed a hell beast
 15974 | Gauntlet | Found a transporter.
 16020 | Gauntlet | Found a runed translucent door.
 16114 | Gauntlet | Noticed a minotaur
 16119 | Gauntlet | Killed a minotaur
 16124 | Gauntlet | Identified the +0 chain mail of Poegetzothy {Int+3}
 16124 | Gauntlet | Identified the +0 battleaxe "Atotroq" {freeze, *Rage rPois
                  | rCorr Str+4}
 16339 | D:12     | Found a gateway to a bazaar.
 16345 | Bazaar   | Entered a bazaar
 16426 | Bazaar   | Found Ocileh's Jewellery Emporium.
 16473 | Bazaar   | Found Une Vourr's Magic Scroll Emporium.
 16552 | Bazaar   | Found Iceudigg's Book Boutique.
 16587 | Bazaar   | Found Ziklovakk's Jewellery Emporium.
 16720 | Bazaar   | Bought a scroll of blinking for 82 gold pieces
 16720 | Bazaar   | Upgraded the game from 0.31-a0-1424-g2add1c7226 to
                  | 0.31-a0-1447-g87ca8d402b
 16731 | Bazaar   | Bought an Everburning Encyclopedia for 684 gold pieces
 16745 | Bazaar   | Bought a scroll of blinking for 82 gold pieces
 16850 | D:12     | Found a staircase to the Orcish Mines.
 17022 | D:12     | Learned a level 4 spell: Ignite Poison
 17205 | D:12     | Found a runed translucent gate.
 17205 | D:12     | Found a runed translucent gate.
 17206 | D:12     | Found a runed translucent gate.
 17206 | D:12     | Noticed a tengu warrior
 17206 | D:12     | Noticed a merfolk impaler
 17207 | D:12     | Noticed a tengu warrior
 17211 | D:12     | Noticed greenreed's ghost (journeyman TrSh)
 17215 | D:12     | Found an iron altar of Okawaru.
 17374 | D:12     | Noticed a two-headed ogre
 17384 | D:12     | Killed a two-headed ogre
 17601 | Orc:1    | Entered Level 1 of the Orcish Mines
 17602 | Orc:1    | Noticed an orc warlord
 17608 | Orc:1    | Reached XP level 13. HP: 89/89 MP: 20/26
 17610 | Orc:1    | Found Atoemar's Distillery.
 18316 | Orc:2    | Entered Level 2 of the Orcish Mines
 18400 | Orc:2    | Noticed an orc warlord
 18410 | Orc:2    | Killed an orc warlord
 18411 | Orc:2    | Reached skill level 10 in Spellcasting
 18578 | Orc:2    | Found Posusag's Antique Weapon Shop.
 19356 | Orc:2    | Found Tuof's Antique Armour Shoppe.
 19406 | Orc:2    | Found Wufreth's General Store.
 19702 | Orc:2    | Found Gaqosto's Jewellery Boutique.
 19711 | Orc:2    | Found a staircase to the Elven Halls.
 20212 | Orc:2    | Bought a scroll of fog for 56 gold pieces
 20212 | Orc:2    | Bought a potion of heal wounds for 70 gold pieces
 20252 | Orc:1    | Bought a potion of heal wounds for 70 gold pieces
 20252 | Orc:1    | Bought a potion of brilliance for 56 gold pieces
 20252 | Orc:1    | Bought a potion of berserk rage for 70 gold pieces
 20441 | Lair:1   | Entered Level 1 of the Lair of Beasts
 20458 | Lair:1   | Learned a level 6 spell: Bombard
 21146 | Lair:1   | Reached skill level 10 in Conjurations
 21932 | Lair:2   | Found a staircase to the Shoals.
 22045 | Lair:2   | Reached XP level 14. HP: 98/98 MP: 26/28
 22437 | Lair:2   | Reached skill level 10 in Dodging
 22592 | Lair:2   | Found a staircase to the Snake Pit.
 22849 | Lair:2   | Reached skill level 10 in Fighting
 22849 | Lair:2   | Reached skill level 5 in Shields
 23815 | Lair:3   | Noticed Nessos
 23982 | Lair:3   | Noticed Kirke
 23986 | Lair:3   | Noticed a sphinx
 23987 | Lair:3   | Killed Kirke
 24073 | Lair:3   | Killed Nessos
 24192 | Lair:3   | Reached skill level 10 in Earth Magic
 26534 | Lair:4   | Found a transporter.
 26537 | Lair:4   | Noticed Peulonen's ghost (journeyman TeDe)
 26763 | Lair:4   | Found a transporter.
 27289 | Lair:5   | Entered Level 5 of the Lair of Beasts
 27296 | Lair:5   | Reached XP level 15. HP: 95/103 MP: 11/30
 27630 | Lair:5   | Noticed Sonja
 27638 | Lair:5   | Killed Sonja
 27652 | Lair:5   | Killed from afar by a lindwurm

Illustrated notes

Levels and vault maps discovered:
D:1:      kb_arrival_jail, layout_basic, hellmonk_ecumenical_altar_blasted,
          minmay_quantized
D:2:      layout_loops_ring
D:3:      layout_basic, lemuel_coloured_pillars_altar, uniq_robin
D:4:      layout_basic
D:5:      layout_basic, gammafunk_temple_overflow_wave, jmf_multi_god_temple2,
          minmay_temple_entry_poolview, amcnicky_mini_corridor_feature,
          minmay_misc_feat_chi, uniq_crazy_yiuf_cottage
D:6:      layout_rooms, gammafunk_ghost_smash, uniq_duvessa, uniq_eustachio
D:7:      layout_gridville, serial_shops, shop, nicolae_shop_behind_doors,
          nicolae_shop_window_shopping, nicolae_shop_real_fake_doors,
          nicolae_elevator_lobby_plus, uniq_pikel
D:8:      minmay_chambers_of_sixes, layout_loops_corners,
          kennysheep_generic_room_14, uniq_maggie
D:9:      layout_basic, minmay_misc_feat_four_crosses, uniq_amaemon
D:10:     layout_roguey, serial_undead, serial_undead_a, serial_undead_e,
          serial_undead_c, serial_undead_f, nicolae_trove_entry_diagonal,
          uniq_gastronok
D:11:     layout_irregular_city, lair_entry_dummy, serial_shops, shop,
          serial_ice, serial_ice_e, serial_ice_n, serial_ice_a, serial_ice_k,
          nicolae_tricolors, uniq_snorg
D:12:     layout_grid_maze, david_orc_5, gauntlet_entry_generic,
          gammafunk_ghost_fury_of_okawaru, portal_ice_cave_demonic_guard,
          serial_shops, statue_bzr, minmay_hollow_rounded_squares
Temple:   bh_familiar_temple
Lair:1:   wad_woods_minihive, layout_big_grid, infiniplex_staircase_pool_2
Lair:2:   layout_regular_city, elwin_shoals_entry_rocks, dummy_snake_entry,
          serial_bayou_ford_a, columned_hall_lemuel, beast_lair_carwin_5
Lair:3:   layout_cellular_growth, small_statue_intersection, lemuel_fruit_tree,
          grunt_megastairs_1, uniq_kirke, uniq_nessos
Lair:4:   layout_layer_cave, minmay_slime_entry_oklob_enclosed,
          gammafunk_ghost_berserking_beasts, st_stairs_13, grunt_megastairs_3
Lair:5:   gammafunk_lair_ancient_temple, layout_small_grid, minivault_11,
          uniq_sonja
Orc:1:    layout_diamond_mine, serial_shops, nicolae_shop_advertising_works
          [nicolae_subvault_shop_adworks]
Orc:2:    grunt_orc_gardens, layout_caves, grunt_orc_garden, grunt_orc_garden,
          grunt_orc_garden, grunt_orc_garden

Skill      XL: |  1  2  3  4  5  6  7  8  9 10 11 12 13 14 15 |
---------------+----------------------------------------------+-----
Fighting       | 1 2 3 4 6 7 8 9 10 | 10.0
Alchemy        | 4 5 6 8 |  8.0
Air Magic      | 1 2 |  2.0
Stealth        | 3 |  3.0
Conjurations   | 2 3 6 8 10 11 | 11.2
Spellcasting   | 3 4 5 6 7 8 9 10 11 | 11.6
Shields        | 1 2 3 6 |  6.7
Fire Magic     | 1 4 5 6 |  6.0
Dodging        | 3 4 6 7 8 9 10 | 10.9
Earth Magic    | 4 8 10 | 10.1

Action                     |  1- 3 |  4- 6 |  7- 9 | 10-12 | 13-15 || total
---------------------------+-------+-------+-------+-------+-------++-------
  Melee: Dagger            |    34 |    71 |       |       |       ||   105
         Constrict         |     6 |    32 |    14 |    17 |    37 ||   106
         Tentacles         |    10 |    37 |    33 |    60 |    62 ||   202
         Staff             |       |    49 |   125 |   169 |   151 ||   494
         Punch             |       |     1 |       |     1 |     3 ||     5
   Cast: Sting             |    59 |    50 |   107 |    94 |    69 ||   379
         Mephitic Cloud    |       |     7 |    12 |    33 |    19 ||    71
         Mercury Vapours   |       |       |     3 |     3 |       ||     6
         Olgreb's Toxic Ra |       |       |    10 |    37 |    44 ||    91
         Sticky Flame      |       |       |     6 |    41 |    20 ||    67
         Fireball          |       |       |       |    36 |    21 ||    57
         Brom's Barrelling |       |       |       |     5 |       ||     5
         Lee's Rapid Decon |       |       |       |     7 |    20 ||    27
         Ignite Poison     |       |       |       |     4 |    48 ||    52
         Bombard           |       |       |       |       |    57 ||    57
  Evoke: Wand              |       |       |    17 |     3 |       ||    20
         Lightning rod     |       |       |       |       |     2 ||     2
    Use: Scroll            |     2 |     8 |     4 |    11 |    12 ||    37
         Potion            |       |     1 |     2 |     5 |     3 ||    11
   Stab: Sleeping          |     3 |     8 |     1 |       |     1 ||    13
         Confused          |       |     3 |     2 |     9 |     1 ||    15
         Distracted        |       |       |       |       |     2 ||     2
 Armour: Skin              |    17 |    69 |   125 |   208 |   169 ||   588
  Dodge: Dodged            |    29 |   107 |   114 |   166 |   229 ||   645
  Block: Buckler           |       |     6 |    27 |    52 |    50 ||   135

Table legend: (Time is in decaauts)
 A = Elapsed time spent in this place.
 B = Non-inter-level travel time spent in this place.
 C = Inter-level travel time spent in this place.
 D = Time resting spent in this place.
 E = Time spent auto-exploring this place.
 F = Levels seen in this place.
 G = Mean time per level.
                   A        B        C        D        E       F      G
               +--------+--------+--------+--------+--------+-----+--------+
         Total |  28477 |  26673 |   1804 |   1918 |  20398 |  22 | 1294.4 |
       Dungeon |  17187 |  15945 |   1242 |   1240 |  11810 |  12 | 1432.2 |
        Temple |     23 |      2 |     21 |      0 |      0 |   1 |   23.0 |
          Lair |   7597 |   7414 |    183 |     91 |   6518 |   5 | 1519.4 |
  Orcish Mines |   2820 |   2463 |    357 |    456 |   1628 |   2 | 1410.0 |
        Bazaar |    481 |    481 |      0 |      0 |    290 |   1 |  481.0 |
      Gauntlet |    366 |    366 |      0 |    131 |    150 |   1 |  366.0 |
               +--------+--------+--------+--------+--------+-----+--------+

Top non-repeatable levels by time:
  Lair:3: 2256 daAuts
     D:8: 2186 daAuts
  Lair:4: 2098 daAuts
     D:5: 1674 daAuts
    D:10: 1673 daAuts
   Orc:1: 1629 daAuts
    D:11: 1572 daAuts
  Lair:2: 1540 daAuts
     D:9: 1533 daAuts
  Lair:1: 1461 daAuts
     D:7: 1363 daAuts
     D:1: 1315 daAuts
     D:6: 1314 daAuts
    D:12: 1298 daAuts
     D:3: 1230 daAuts
